Map: Romanticide LE

Players

HeroMarine

  • Race: Terran Terran

SKillous - Winner!

  • Race: Protoss Protoss

Event: DreamHack SC2 Masters 2021 Winter

VOD

Have the link to the VOD?

Description

Time

  • Played on: Oct. 14, 2021, 2:49 p.m.
  • Length: 19:57

All games in this series

Show
View Real Time Build Order
Export as new Build Order

HeroMarine Terran 

Build Orders:  

Get SALT Encoding   

  12  0:00  SCV  
  13  0:12  SCV  
  14  0:17  Supply Depot  
  14  0:24  SCV  
  15  0:39  SCV  
  15  0:40  Barracks  
  16  0:43  Refinery  
  16  0:51  SCV  
  17  1:03  SCV  
  18  1:15  SCV  
  19  1:27  Marine, Orbital Command  
  20  1:40  Command Center  
  20  1:54  Factory, SCV  
  21  2:02  Barracks Reactor  
  21  2:06  SCV  
  22  2:09  Supply Depot  
  22  2:12  Refinery  
  22  2:18  SCV  
  23  2:31  SCV  
  24  2:38  Hellion  
  24  2:39  Marine x2  
  24  2:43  SCV  
  29  2:49  Starport  
  29  2:51  Supply Depot  
  29  2:55  SCV  
  29  2:57  Marine  
  31  3:06  Marine  
  31  3:11  SCV  
  31  3:15  Marine  
  30  3:23  SCV, Marine  
  30  3:26  Medivac  
  32  3:28  Widow Mine  
  34  3:36  Orbital Command  
  34  3:39  SCV  
  34  3:40  Marine  
  36  3:43  Marine  
  37  3:49  Factory Tech Lab  
  37  3:51  SCV  
  38  3:57  Starport Tech Lab  
  38  3:58  Marine  
  38  4:01  Marine  
  38  4:02  SCV  
  41  4:03  SCV  
  41  4:08  Supply Depot  
  42  4:11  Siege Tank  
  42  4:14  Raven  
  42  4:17  SCV  
  48  4:18  SCV  
  48  4:19  Marine  
  48  4:21  Marine  
  51  4:29  SCV  
  51  4:30  SCV  
  53  4:36  Marine  
  51  4:39  Marine  
  51  4:41  SCV  
  51  4:42  SCV  
  51  4:43  Cyclone  
  51  4:53  SCV  
  51  4:54  SCV, Marine  
  51  4:56  Command Center  
  51  4:57  Marine  
  54  5:00  Viking  
  56  5:08  Supply Depot, SCV  
  56  5:09  SCV  
  56  5:12  Marine  
  59  5:15  Marine  
  59  5:20  SCV  
  61  5:22  SCV  
  61  5:24  Supply Depot  
  62  5:29  Siege Tank  
  62  5:30  Marine  
  62  5:32  Marine  
  62  5:34  Barracks  
  62  5:35  SCV x2  
  69  5:40  Viking  
  70  5:47  SCV x2, Barracks  
  70  5:48  Marine  
  73  5:50  Marine  
  74  5:58  Engineering Bay x2  
  74  5:59  SCV x2  
  74  6:01  Refinery  
  74  6:02  Refinery  
  72  6:04  Siege Tank  
  72  6:08  Orbital Command  
  76  6:11  SCV x2, Marine  
  76  6:15  Marine  
  79  6:22  Stimpack  
  79  6:23  SCV x2, Marine  
  82  6:27  Missile Turret  
  82  6:29  Marine, Orbital Command  
  82  6:30  Missile Turret  
  82  6:32  Marine, Starport Reactor  
  83  6:39  Terran Infantry Weapons Level 1, SCV, Terran Infantry Armor Level 1  
  85  6:41  SCV  
  85  6:43  Marine  
  85  6:47  Missile Turret  
  87  6:49  Marine x2  
  87  6:51  SCV  
  87  6:52  Marine  
  87  6:53  SCV  
  92  7:01  Combat Shield  
  92  7:02  Marine  
  92  7:05  Missile Turret  
  92  7:07  Marine  
  93  7:09  Supply Depot  
  93  7:11  Supply Depot  
  93  7:12  Supply Depot  
  93  7:14  Marine  
  93  7:15  Barracks  
  94  7:16  SCV x2  
  94  7:17  SCV  
  94  7:18  Barracks  
  94  7:19  Medivac  
  99  7:23  Factory Tech Lab  
  99  7:28  SCV x2  
  99  7:29  SCV  
  100  7:31  Medivac, Marine  
  100  7:32  Marine  
  100  7:34  Marine  
  104  7:40  SCV x2  
  104  7:41  SCV, Siege Tank, Marine  
  111  7:47  Supply Depot, Refinery x2  
  111  7:52  SCV, Marine x2  
  111  7:53  SCV x2  
  116  8:01  Marine x2  
  116  8:02  Starport  
  116  8:03  Barracks Reactor  
  116  8:05  SCV x3  
  121  8:06  Medivac  
  121  8:08  Medivac  
  121  8:10  Barracks Tech Lab  
  125  8:13  Supply Depot, Siege Tank  
  125  8:14  Marine x2  
  125  8:17  SCV  
  125  8:19  Marine  
  132  8:21  SCV  
  132  8:23  Supply Depot  
  132  8:24  Supply Depot  
  133  8:34  Marine x3  
  133  8:36  Supply Depot, Viking  
  133  8:38  Missile Turret, Viking  
  140  8:44  Starport Reactor  
  140  8:46  Siege Tank  
  140  8:47  Marine x3  
  140  8:48  Marine  
  147  8:52  Marine  
  147  8:54  Marine  
  147  8:55  Marine  
  150  8:58  Command Center  
  150  9:05  Marine x2  
  150  9:09  Marine x2  
  153  9:10  Viking x2  
  153  9:15  Armory  
  157  9:18  Marine x3  
  157  9:19  Siege Tank  
  157  9:23  Marine  
  163  9:28  Marine x2  
  165  9:33  Viking, Marine  
  165  9:37  Supply Depot  
  164  9:39  Supply Depot x2  
  164  9:47  Viking  
  165  9:59  Viking x2, Marine x2  
  171  10:00  Starport  
  171  10:03  Viking  
  163  10:11  SCV x3  
  166  10:16  Terran Ship Weapons Level 1  
  166  10:17  Viking  
  166  10:18  Terran Infantry Weapons Level 2, Armory  
  168  10:23  SCV x3  
  171  10:29  Viking x2  
  171  10:32  Marine x2  
  171  10:33  Starport  
  171  10:35  Refinery  
  174  10:36  SCV x2, Barracks Reactor  
  174  10:37  Refinery, Starport Reactor  
  174  10:41  Viking  
  177  10:43  Orbital Command  
  177  10:49  Missile Turret  
  177  10:53  Marine x2  
  177  10:55  Marauder x3  
  184  10:57  Viking  
  186  11:11  Marine x2  
  186  11:16  Marauder x3  
  188  11:20  Viking x2  
  188  11:21  Viking x3  
  188  11:23  Terran Vehicle And Ship Armor Level 1  
  197  11:34  Viking  
  197  11:38  Command Center  
  199  11:40  Sensor Tower  
  198  11:58  Viking x2  
  198  11:59  Viking  
  199  12:15  Marine x2  
  181  12:21  Marauder x2  
  181  12:22  Marine x2  
  160  12:23  Marine  
  160  12:28  Viking  
  160  12:29  Viking x6  
  146  12:30  Viking  
  146  12:32  Marine  
  146  12:33  Marine  
  135  12:39  Siege Tank  
  135  12:40  Marine x2  
  135  12:42  Marauder, Marine x2  
  140  12:50  Marine x2  
  130  12:58  Viking, Marine x2  
  132  12:59  Viking x6  
  132  13:00  Marine x2  
  132  13:02  Marine  
  132  13:03  Viking  
  136  13:22  Marine x2  
  136  13:25  Marine x2  
  134  13:28  Viking  
  134  13:29  Viking x3  
  134  13:36  Viking x2  
  100  13:44  Viking x2  
  66  13:57  Orbital Command  
  66  13:58  Viking  
  61  14:04  Viking  
  61  14:08  Viking  
  63  14:24  SCV  
  64  14:27  SCV  
  64  14:28  SCV  
  66  14:35  Marine  
  66  14:36  Marine x6  
  70  14:42  Medivac  
  70  14:43  Medivac  
  76  14:50  Medivac, Command Center  
  74  14:53  Marine  
  74  14:56  Viking x2  
  74  14:58  Viking  
  66  15:00  Viking  
  66  15:04  Missile Turret  
  66  15:09  Viking  
  66  15:11  Missile Turret  
  66  15:12  Viking  
  66  15:13  Medivac, Marine  
  66  15:14  Marine x2  
  74  15:16  Marine  
  74  15:18  Marine  
  74  15:19  Marine  
  80  15:23  Marine  
  83  15:30  Marine  
  83  15:31  Marine  
  83  15:32  Marine  
  83  15:34  Marine  
  89  15:40  Orbital Command  
  89  15:54  Viking x5  
  89  15:56  Viking  
  95  15:58  Viking  
  97  16:10  Marine  
  97  16:11  Marine x2  
  101  16:19  Marauder x3  
  101  16:20  Marine  
  107  16:28  Marine x2  
  107  16:29  Viking, Marine  
  112  16:33  Viking  
  114  16:41  Viking x2  
  114  16:43  Marine  
  114  16:45  Marauder  
  121  16:49  Marauder  
  121  16:52  Marauder  
  121  16:54  Marine x2  
  125  16:58  Ghost Academy  
  125  16:59  Marine  
  128  17:02  Marine  
  128  17:03  SCV  
  128  17:04  SCV  
  128  17:05  SCV  
  128  17:06  Marine  
  132  17:14  Marine x2  
  132  17:15  Marauder x2, SCV  
  138  17:16  SCV  
  140  17:24  Medivac x2  
  140  17:27  Medivac  
  146  17:32  Ghost  
  148  17:37  Ghost  
  150  17:45  Ghost  
  152  17:54  Viking x2  
  156  18:00  Refinery, Ghost  
  156  18:03  Viking  
  160  18:07  Viking  
  162  18:12  Viking  
  162  18:19  Viking  
  166  18:23  Viking  
  168  18:29  Marauder  
  158  18:50  Marine x3  
  158  18:52  Medivac, Viking  
  158  18:55  Medivac x3  
  154  18:56  Marine x3  
  154  18:57  Marine  
  162  19:08  Marine x3  
  165  19:14  Marine  
  169  19:18  Orbital Command  
  169  19:22  Supply Depot  
  166  19:29  Marine  
Show
View Real Time Build Order
Export as new Build Order

SKillous Protoss - Winner!

Build Orders: Phoenix Opening, Carriers, Colossus Rush 

Get SALT Encoding   

  12  0:00  Probe  
  13  0:12  Probe  
  14  0:21  Pylon  
  14  0:24  Probe  
  15  0:39  Gateway  
  15  0:40  Probe (Chrono Boost)  
  16  0:44  Assimilator  
  16  0:49  Probe (Chrono Boost)  
  17  0:54  Probe (Chrono Boost)  
  18  0:57  Pylon  
  18  1:06  Probe  
  19  1:18  Probe  
  20  1:26  Zealot, Cybernetics Core  
  20  1:30  Probe  
  23  1:44  Probe  
  24  1:54  Nexus  
  24  2:00  Adept (Chrono Boost)  
  24  2:01  Probe  
  25  2:08  Assimilator  
  27  2:14  Probe  
  28  2:20  Adept (Chrono Boost)  
  28  2:29  Pylon  
  30  2:30  Probe  
  30  2:36  Stargate  
  31  2:47  Adept, Probe  
  31  2:48  Warp Gate  
  34  2:59  Probe  
  35  3:07  Probe  
  35  3:11  Probe  
  35  3:19  Probe (Chrono Boost)  
  36  3:20  Phoenix (Chrono Boost)  
  35  3:28  Probe (Chrono Boost)  
  35  3:31  Probe (Chrono Boost)  
  36  3:36  Phoenix (Chrono Boost)  
  36  3:37  Probe (Chrono Boost)  
  36  3:38  Probe (Chrono Boost), Shield Battery  
  40  3:43  Assimilator  
  40  3:45  Assimilator, Probe  
  40  3:48  Probe  
  42  3:57  Probe  
  42  4:00  Phoenix (Chrono Boost), Probe  
  42  4:02  Robotics Facility  
  47  4:10  Probe  
  47  4:13  Probe (Chrono Boost)  
  48  4:18  Gateway  
  48  4:21  Pylon  
  48  4:22  Phoenix (Chrono Boost), Probe (Chrono Boost)  
  51  4:30  Probe (Chrono Boost)  
  51  4:33  Probe (Chrono Boost)  
  51  4:37  Probe  
  52  4:43  Probe  
  53  4:49  Probe  
  52  4:54  Observer  
  52  4:56  Robotics Bay, Phoenix, Probe  
  56  5:01  Probe  
  57  5:07  Nexus  
  57  5:08  Probe  
  57  5:09  Pylon  
  57  5:14  Probe  
  59  5:20  Probe (Chrono Boost)  
  60  5:21  Phoenix  
  60  5:27  Probe (Chrono Boost)  
  67  5:29  Pylon  
  67  5:32  Probe (Chrono Boost)  
  68  5:37  Probe (Chrono Boost)  
  68  5:38  Probe (Chrono Boost)  
  70  5:46  Probe  
  70  5:47  Colossus, Probe  
  70  5:48  Phoenix  
  76  5:50  Extended Thermal Lance  
  76  5:54  Assimilator  
  76  5:56  Pylon  
  76  5:57  Assimilator  
  76  5:58  Probe  
  77  6:05  Probe  
  77  6:10  Stargate, Forge  
  78  6:14  Probe (Chrono Boost), Shield Battery  
  80  6:18  Probe (Chrono Boost)  
  80  6:21  Probe (Chrono Boost)  
  82  6:26  Protoss Air Weapons Level 1, Probe (Chrono Boost)  
  82  6:27  Phoenix  
  82  6:29  Probe (Chrono Boost), Pylon  
  82  6:31  Probe (Chrono Boost)  
  86  6:33  Probe (Chrono Boost)  
  86  6:34  Probe (Chrono Boost)  
  86  6:36  Probe (Chrono Boost)  
  86  6:39  Pylon  
  89  6:42  Probe  
  89  6:44  Colossus  
  89  6:46  Sentry  
  98  6:47  Probe  
  99  6:54  Phoenix  
  99  6:57  Phoenix  
  103  7:03  Photon Cannon  
  103  7:05  Photon Cannon  
  103  7:07  Shield Battery  
  103  7:11  Fleet Beacon  
  103  7:17  Pylon  
  103  7:19  Stalker  
  103  7:22  Phoenix  
  106  7:23  Pylon  
  106  7:28  Probe  
  100  7:40  Probe  
  100  7:41  Colossus (Chrono Boost)  
  101  7:46  Stargate  
  101  7:49  Pylon  
  107  7:51  Photon Cannon  
  107  7:52  Photon Cannon  
  107  7:54  Photon Cannon  
  113  8:08  Photon Cannon  
  113  8:10  Carrier (Chrono Boost)  
  119  8:17  Shield Battery  
  119  8:19  Shield Battery  
  119  8:21  Carrier (Chrono Boost)  
  119  8:30  Tempest (Chrono Boost)  
  119  8:31  Photon Cannon  
  124  8:34  Colossus  
  130  8:44  Photon Cannon  
  130  8:45  Photon Cannon  
  130  8:47  Photon Cannon  
  129  8:52  Tempest (Chrono Boost)  
  132  9:05  Photon Cannon  
  132  9:06  Photon Cannon  
  132  9:07  Pylon  
  132  9:09  Shield Battery  
  132  9:11  Tempest  
  132  9:16  Pylon x2  
  137  9:30  Photon Cannon  
  137  9:33  Tempest  
  142  9:39  Tempest  
  147  9:47  Protoss Air Weapons Level 2 (Chrono Boost), Shield Battery  
  147  9:51  Shield Battery  
  147  9:53  Pylon  
  147  9:55  Pylon  
  147  9:56  Pylon  
  147  10:11  Carrier  
  147  10:13  Pylon  
  147  10:14  Pylon  
  153  10:15  Assimilator  
  153  10:20  Shield Battery x2  
  153  10:22  Photon Cannon  
  153  10:23  Carrier  
  153  10:24  Pylon  
  153  10:25  Photon Cannon  
  153  10:26  Carrier  
  165  10:40  Pylon  
  165  10:44  Nexus  
  165  10:49  Observer  
  166  11:01  Shield Battery  
  166  11:02  Shield Battery  
  166  11:05  Pylon  
  166  11:13  Observer  
  166  11:15  Carrier, Shield Battery  
  173  11:23  Nexus  
  173  11:26  Pylon  
  173  11:30  Observer  
  185  11:34  Photon Cannon, Observer  
  185  11:35  Shield Battery  
  186  11:48  Carrier  
  186  11:50  Carrier  
  178  12:08  Pylon  
  178  12:12  Pylon  
  178  12:13  Pylon  
  167  12:17  Carrier (Chrono Boost)  
  153  12:49  Carrier (Chrono Boost)  
  165  13:04  Nexus, Pylon  
  165  13:06  Carrier (Chrono Boost)  
  161  13:20  Phoenix (Chrono Boost)  
  161  13:27  Protoss Air Weapons Level 3  
  161  13:37  Phoenix (Chrono Boost)  
  147  13:43  Phoenix (Chrono Boost)  
  119  13:56  Phoenix (Chrono Boost)  
  119  13:58  Phoenix (Chrono Boost)  
  119  14:01  Probe x2  
  119  14:02  Photon Cannon  
  108  14:03  Stargate  
  108  14:05  Phoenix (Chrono Boost)  
  107  14:18  Probe x2  
  107  14:21  Phoenix (Chrono Boost)  
  107  14:23  Phoenix (Chrono Boost)  
  97  14:25  Assimilator x2  
  97  14:30  Phoenix (Chrono Boost)  
  93  14:38  Disruptor  
  96  14:46  Shield Battery  
  96  14:52  Carrier (Chrono Boost)  
  106  15:20  Nexus  
  106  15:23  Pylon  
  106  15:24  Carrier (Chrono Boost)  
  106  15:34  Carrier (Chrono Boost)  
  112  15:45  Photon Cannon  
  112  15:46  Photon Cannon  
  112  15:47  Shield Battery  
  112  15:56  Observer  
  112  16:04  Carrier (Chrono Boost), Disruptor (Chrono Boost)  
  121  16:14  Unknown  
  121  16:23  Observer  
  127  16:37  Carrier (Chrono Boost)  
  127  16:39  Shield Battery  
  127  16:40  Shield Battery x2  
  127  16:49  Photon Cannon  
  127  16:50  Photon Cannon  
  127  16:52  Carrier (Chrono Boost)  
  127  16:55  Observer  
  139  17:08  Protoss Air Armor Level 1  
  139  17:10  Carrier (Chrono Boost)  
  139  17:12  Disruptor  
  142  17:20  Pylon  
  142  17:23  Photon Cannon  
  142  17:25  Shield Battery  
  142  17:31  Carrier (Chrono Boost)  
  148  17:43  Carrier (Chrono Boost)  
  156  17:58  Phoenix (Chrono Boost)  
  156  18:00  Phoenix (Chrono Boost)  
  158  18:10  Nexus  
  158  18:16  Phoenix x2  
  162  18:26  Photon Cannon  
  162  18:28  Photon Cannon  
  162  18:29  Shield Battery  
  168  18:37  Carrier (Chrono Boost)  
  168  18:40  Phoenix (Chrono Boost)  
  170  18:48  Phoenix (Chrono Boost)  
  170  18:49  Phoenix (Chrono Boost)  
  172  18:59  Observer  
  172  19:01  Phoenix (Chrono Boost)  

Tags
 
Add a new tag
Caveats
  • Supply blocks, unpowered buildings, or Contaminate may cause inaccurate times.
  • Supply counts are checked every 10 seconds.